cohdb
Replays
Latest Replays
All Replays
Popular Replays
Top Player Replays
Match Explorer
How It Works
Community
CoH3 Stats
Reddit
Sign in to upload your games and track your stats! →
Sign in with Steam
Match 45389289
Unlisted
Match 45389289
Overview
Messages
Build Orders
End
Scout Squad
Construct Barracks
Selects Advanced Infantry Battlegroup
1⁄4-ton 4x4 Truck
Riflemen Squad
Riflemen Squad
Infantry Support Center
M1 Mortar Team
Construct Weapon Support Center
Construct Medical Station
Selects Convert to Ranger Squad
Selects Ammunition Storage
Riflemen Squad
Convert to Ranger Squad
Bazooka Squad
Grenade Package
Selects M2A1 105mm Howitzer Emplacement
Convert to Ranger Squad
Engineer Squad
Advanced Logistics
Selects Free Fire Drills
Survival Training
Bazooka Squad
Selects Designate Assault Position
Designate Assault Position
Selects Infantry Assault
Infantry Assault
RedClownLips
MS-06F
ALPHA LEGION
old tiger
Makros
[PD] Ducktus
[PD] [9C] [FT] Claudius Tacitus
Nico-Nico-Nii~~
0
0
Comments
sign in to comment!
No comments posted yet!